 Dungeon Crawl Stone Soup version 0.22-a0-469-gf26638a (webtiles) character file.

227 Zephyerz the Shield-Bearer (level 6, -4/43 HPs)
             Began as an Octopode Fighter on June 12, 2018.
             Was a Believer of Uskayaw.
             Slain by an ogre
             ... wielding a cursed +0 giant spiked club
              (24 damage)
             ... on level 3 of the Dungeon.
             The game lasted 00:06:38 (2536 turns).

Zephyerz the Shield-Bearer (Octopode Fighter)       Turns: 2536, Time: 00:06:38

Health: -4/43      AC:  1    Str: 17    XL:     6   Next: 2%
Magic:  6/6        EV: 12    Int: 10    God:    Uskayaw [**....]
Gold:   82         SH: 11    Dex: 12    Spells: 5/5 levels left

rFire    . . .     SeeInvis .   r - +0 war axe
rCold    . . .     Gourm    .   b - +0 shield
rNeg     . . .     Faith    .   (helmet restricted)
rPois    .         Spirit   .   j - +2 amulet of reflection
rElec    .         Reflect  +   m - ring of loudness (curse) {Stlth-}
rCorr    .         Harm     .   (no ring)
MR       .....                  (no ring)
Stlth    +.........             (no ring)
HPRegen  0.14/turn              (no ring)
MPRegen  0.10/turn              (no ring)
                                (no ring)
                                (no ring)

@: no status effects
A: almost no armour, stealthy swim, amphibious, 8 rings, constrict 8, camouflage
1, gelatinous body 1
a: Stomp, Line Pass, Renounce Religion


You were on level 3 of the Dungeon.
You worshipped Uskayaw.
Uskayaw was noncommittal.
You were not hungry.

You visited 1 branch of the dungeon, and saw 3 of its levels.

You collected 82 gold pieces.

Inventory:

Hand Weapons
 r - a +0 war axe (weapon)
Missiles
 q - 11 poisoned needles
 Q - 123 stones (quivered)
Armour
 b - a +0 shield (worn)
Jewellery
 j - a +2 amulet of reflection (around mantle)
 m - a cursed ring of loudness (left tentacle) {Stlth-}
Wands
 k - a wand of iceblast (11)
Scrolls
 a - a scroll of random uselessness {unknown}
 e - 5 scrolls of teleportation {unknown}
 l - a scroll of enchant weapon {unknown}
 n - a scroll of immolation {unknown}
 o - a scroll of identify {unknown}
Potions
 d - 3 potions of might
 f - a potion of heal wounds {unknown}
 g - a potion of curing {unknown}
 h - a potion of haste {unknown}
 i - a potion of brilliance {unknown}
 s - a potion of invisibility {unknown}
Comestibles
 c - 5 rations


   Skills:
 + Level 3.8 Fighting
 * Level 3.5 Axes
   Level 0.6(2.2) Maces & Flails
 + Level 3.8 Dodging
 * Level 4.3 Shields
 + Level 1.1 Invocations


You had 5 spell levels left.
You didn't know any spells.
Your spell library was empty.

Dungeon Overview and Level Annotations

Branches:
Dungeon (3/15)

Altars:
Ru
Uskayaw
Xom


Innate Abilities, Weirdness & Mutations

You cannot wear most types of armour.
You are very stealthy in the water. (Stealth+)
You are amphibious.
You can wear up to eight rings at the same time.
You can use your tentacles to constrict eight enemies at once.
Your skin changes colour to match your surroundings (Stealth+).
Your rubbery body absorbs attacks. (AC +1, EV +1)


Message History

Found 9 gold pieces.
Found a stone staircase leading up.
The ogre misses you.
You barely miss the ogre. You block the ogre's attack.
You slash the ogre! The ogre completely misses you.
You slash the ogre! You block the ogre's attack.
You can now pass through a line of other dancers.
You closely miss the ogre. The ogre closely misses you.
You hit the ogre.
The ogre hits you with a giant spiked club!!
Ouch! That really hurt!
* * * LOW HITPOINT WARNING * * *
You take 23 damage, and have 20/43 hp.
MASSIVE DAMAGE!!
Your shield prevents you from hitting the ogre.
The ogre closely misses you.
Your shield prevents you from hitting the ogre.
You squeeze the ogre, but do no damage.
The ogre hits you with a giant spiked club!!
Ouch! That really hurt!
You die...

#.#.## #.#
#.#.# ....
#.# #.#.#
...##
#.#####)#.#
♣..#
#.........#
..#
#######...#
.# #...# #
#######...#
..$.......#
.######@#.#
#O#.# #.#.#
#.#.. ... #
.#< . . ##
##


You could see an ogre.

Vault maps used:
D:1:      dpeg_arrival_tiny_d, xom_teletrap_fun
D:2:      first_ration, minmay_tree_intersection, kennysheep_small_spiral
D:3:      chequers_ecumenical_altar_island, minmay_stone_trees_small,
          nicolae_ru_sacrificial_ziggurat

Notes
Turn   | Place    | Note
-------+----------+-------------------------------------------
     0 | D:1      | Zephyerz the Octopode Fighter began the quest for the Orb.
     0 | D:1      | Reached XP level 1. HP: 16/16 MP: 1/1
    10 | D:1      | Found a shimmering altar of Xom.
   223 | D:1      | Reached XP level 2. HP: 21/21 MP: 2/2
   588 | D:2      | Reached XP level 3. HP: 26/26 MP: 3/3
  1254 | D:3      | Found a sacrificial altar of Ru.
  1266 | D:3      | HP: 6/26 [orc/mace of holy wrath (3)]
  1269 | D:3      | Reached XP level 4. HP: 5/31 MP: 4/4
  1622 | D:3      | Identified a ring of loudness (You found it on level 2 of the Dungeon)
  1623 | D:3      | Identified an amulet of reflection (You found it on level 1 of the Dungeon)
  1624 | D:3      | Identified a +2 mace of holy wrath (You took it off an orc on level 3 of the Dungeon)
  1728 | D:3      | Found a faded altar of an unknown god.
  1770 | D:3      | Became a worshipper of Uskayaw the Reveler
  1770 | D:3      | Reached * piety under Uskayaw
  1815 | D:3      | Identified a +0 war axe
  1851 | D:3      | Reached ** piety under Uskayaw
  1854 | D:3      | Reached *** piety under Uskayaw
  1855 | D:3      | Reached skill level 3 in Axes
  1859 | D:3      | Reached **** piety under Uskayaw
  1860 | D:3      | Reached skill level 4 in Shields
  1860 | D:3      | Reached XP level 5. HP: 15/36 MP: 5/5
  2221 | D:3      | Noticed an orc warrior
  2227 | D:3      | HP: 6/36 [orc warrior/halberd (14)]
  2228 | D:3      | Killed an orc warrior
  2228 | D:3      | Reached skill level 1 in Invocations
  2228 | D:3      | Reached XP level 6. HP: 7/43 MP: 2/6
  2536 | D:3      | Identified a cursed +0 giant spiked club
  2536 | D:3      | Slain by an ogre

Table legend:
 A = Turns spent in this place as a percentage of turns spent in the entire game.
 B = Non-inter-level travel turns spent in this place as a percentage of non-inter-level travel turns spent in the entire game.
 C = Inter-level travel turns spent in this place as a percentage of turns spent in this place.
 D = Turns resting spent in this place as a percentage of non-inter-level travel turns spent in this place.
 E = Turns spent auto-exploring this place as a percentage of non-inter-level travel turns spent in this place.
 F = Non-inter-level travel turns spent in this place divided by the number of levels of this place that you've seen.
                   A       B       C       D       E      F
               +-------+-------+-------+-------+-------+----------------------
         Total | 100.0 | 100.0 |   0.0 |  35.2 |  47.4 | 845.3
       Dungeon | 100.0 | 100.0 |   0.0 |  35.2 |  47.4 | 845.3
               +-------+-------+-------+-------+-------+----------------------

Table legend:
 A = Kills in this place as a percentage of kills in entire the game.
 B = Kills by you in this place as a percentage of kills by you in the entire game.
 C = Kills by friends in this place as a percentage of kills by friends in the entire game.
 D = Other kills in this place as a percentage of other kills in the entire game.
 E = Experience gained in this place as a percentage of experience gained in the entire game.
 F = Experience gained in this place divided by the number of levels of this place that you have seen.
                   A       B       C       D       E      F
               +-------+-------+-------+-------+-------+----------------------
         Total | 100.0 | 100.0 |   N/A |   N/A | 100.0 | 108.3
       Dungeon | 100.0 | 100.0 |   N/A |   N/A | 100.0 | 108.3
               +-------+-------+-------+-------+-------+----------------------

Skill      XL: |  1  2  3  4  5 |
---------------+----------------+-----
Axes           | 3 |  3.5
Shields        | 4 |  4.3
Invocations    | 1 |  1.1
Fighting       | |  3.8
Maces & Flails | |  0.6
Dodging        | |  3.8

Action                   |  1- 3 |  4- 6 || total
-------------------------+-------+-------++-------
Melee: War axe           |    77 |    23 ||   100
       Constrict         |    26 |     7 ||    33
       Tentacles         |    12 |     8 ||    20
       Mace              |       |    16 ||    16
Invok: Stomp             |       |     1 ||     1
 Stab: Sleeping          |     3 |       ||     3
       Paralysed         |       |     1 ||     1
  Eat: Chunk             |     1 |     3 ||     4
       Ration            |       |     1 ||     1
Armor: Skin              |     2 |       ||     2
Dodge: Dodged            |    36 |    13 ||    49
Block: Shield            |    42 |    14 ||    56

Vanquished Creatures
  An orc warrior (D:3)
  2 orc wizards (D:3)
  An adder (D:3)
  An ooze (D:3)
  2 worms
  2 leopard geckos
  9 orcs (D:3)
  4 ball pythons
  2 giant cockroaches
  6 goblins
  6 hobgoblins
  4 bats
  3 frilled lizards
  6 kobolds
  7 rats
56 creatures vanquished.
